 Dungeon Crawl Stone Soup version 0.18.1-48-g4cf74bf (webtiles) character file.

56 Legadrian the Stinger (level 3, -5/26 HPs)
             Began as a Demigod Venom Mage on June 28, 2016.
             Killed by divine providence
             ... invoked by an orc priest
              (8 damage)
             ... on level 3 of the Dungeon.
             The game lasted 00:05:53 (894 turns).

Legadrian the Stinger (Demigod Venom Mage)           Turns: 894, Time: 00:05:53

Health: -5/26      AC:  3    Str: 11    XL:     3   Next: 48%
Magic:  6/9        EV: 12    Int: 21    God:
Gold:   71         SH:  0    Dex: 16    Spells: 3 memorised, 0 levels left

rFire  x . .     SeeInvis .     j - +2 dagger (venom)
rCold  + . .     Gourm    .     o - +0 robe
rNeg   . . .     Faith    .     (no shield)
rPois  .         Spirit   .     (no helmet)
rElec  .         Dismiss  .     (no cloak)
rCorr  .         Reflect  .     m - +0 pair of gloves
SustAt +         Harm     .     (no boots)
MR     .....                    (no amulet)
Stlth  ++........               (no ring)
                                g - ring of ice

@: not resistant to hostile enchantments, unstealthy
A: high mp 1, sustain attributes
a: no special abilities


You were on level 3 of the Dungeon.
You were not hungry.

You visited 1 branch of the dungeon, and saw 3 of its levels.

You collected 71 gold pieces.

Inventory:

Hand Weapons
 j - a +2 dagger of venom (weapon)
Missiles
 l - 28 stones (quivered)
Armour
 m - a +0 pair of gloves (worn)
 o - a +0 robe (worn)
Jewellery
 g - a ring of ice (left hand)
Scrolls
 a - a scroll of fog
 e - a scroll of remove curse
 h - a scroll of teleportation {unknown}
 i - 2 scrolls of amnesia {unknown}
 n - a scroll of identify {unknown}
Books
 b - a Young Poisoner's Handbook

   Spells                             Type                      Level
   a - Sting                          Conjuration/Poison           1
   b - Cure Poison                    Poison                       2
   c - Mephitic Cloud                 Conjuration/Poison/Air       3
   d - Olgreb's Toxic Radiance        Poison                       4
   e - Venom Bolt                     Conjuration/Poison           5
Comestibles
 c - 2 bread rations
 d - a meat ration
 k - 2 slices of pizza


   Skills:
 + Level 2.0 Dodging
 + Level 1.7 Stealth
 + Level 2.3 Spellcasting
 + Level 0.6 Conjurations
 + Level 4.3 Poison Magic


You couldn't memorise any spells.
You knew the following spells:

 Your Spells              Type           Power        Failure   Level  Hunger
a - Sting                 Conj/Pois      ##..         6%          1    #......
b - Cure Poison           Pois           ###.......   4%          2    ##.....
c - Mephitic Cloud        Conj/Pois/Air  #.......     24%         3    ###....


Dungeon Overview and Level Annotations

Branches:
Dungeon (3/15)


Innate Abilities, Weirdness & Mutations

You have an increased reservoir of magic (+10% MP).
Your attributes are resistant to harm.


Message History

Confirm with . or Enter, or press ? or * to list all spells.
Aiming: Sting
Press: ? - help, Shift-Dir - straight line, f/p - orc priest
Aim: an orc priest, wearing a leather armour (heavily wounded, poisoned)
The sting hits the orc priest.
The orc priest appears unharmed.
The orc priest is heavily wounded.
The orc shouts!
The orc priest mumbles some strange prayers to Beogh against you.
Beogh smites you!
Ouch! That really hurt!
* * * LOW HITPOINT WARNING * * *
The orc hits you with a club.
* * * LOW HITPOINT WARNING * * *
The orc priest closely misses you.
As you read the scroll labeled LENWAI MIEVE, it crumbles to dust.
The scroll dissolves into smoke.
It was a scroll of fog.
The orc hits you but does no damage.
The orc priest mumbles some strange prayers to Beogh against you.
Beogh smites you!
You die...

.. ......
..#.... ..
#.#...
...##....
o.w.o.#.#
#..<#######
#)l.§.#§§.#
###.§o#§#.#
###.#o@§#.#
#...§§§§§.#
###.####§.#
#.# #..#
### #.....#
#.###.# #..
# ###


You could see an orc priest and an orc.

Vanquished Creatures
  2 adders (D:2)
  An adder skeleton (D:3)
  A worm (D:2)
  A dart slug (D:2)
  A giant gecko (D:1)
  2 orcs (D:3)
  6 bats
  3 giant cockroaches (D:1)
  3 goblins
  A hobgoblin (D:1)
  A quokka (D:3)
  5 kobolds
  A rat (D:2)
28 creatures vanquished.

Notes
Turn   | Place    | Note
--------------------------------------------------------------
     0 | D:1      | Legadrian the Demigod Venom Mage began the quest for the Orb.
     0 | D:1      | Reached XP level 1. HP: 14/14 MP: 5/5
   261 | D:1      | Reached skill level 4 in Poison Magic
   302 | D:1      | Reached XP level 2. HP: 15/20 MP: 2/7
   491 | D:2      | Learned a level 2 spell: Cure Poison
   611 | D:2      | Reached XP level 3. HP: 26/26 MP: 2/8
   683 | D:2      | Found a radiant altar of Vehumet.
   837 | D:3      | Learned a level 3 spell: Mephitic Cloud
   894 | D:3      | Killed from afar by an orc priest

Skill      XL: |  1  2  3 |
---------------+----------+-----
Poison Magic   | 4 |  4.3
Spellcasting   | 2 |  2.3
Dodging        | 2 |  2.0
Stealth        | |  1.7
Conjurations   | |  0.6

Action                   || total
-------------------------++-------
Melee: Dagger            ||    20
       Unarmed           ||     1
 Cast: Sting             ||    45
       Mephitic Cloud    ||     1
  Use: Scroll            ||     2
 Stab: Distracted        ||     1
Armor: Robe              ||     6
Dodge: Dodged            ||    20
